 Dungeon Crawl Stone Soup version 0.22-a0-93-g6b88ebb (webtiles) character file.

4 4thArraOfDagon the Firebug (level 1, -4/14 HPs)
             Began as a Demigod Wanderer on Jan 24, 2018.
             Slain by a kobold
             ... wielding a +0 whip
              (5 damage)
             ... on level 1 of the Dungeon.
             The game lasted 00:00:37 (31 turns).

4thArraOfDagon the Firebug (Demigod Wanderer)         Turns: 31, Time: 00:00:37

Health: -4/14      AC:  2    Str: 16    XL:     1   Next: 40%
Magic:  5/5        EV: 11    Int: 16    God:
Gold:   0          SH:  0    Dex: 14    Spells: 2/3 levels left

rFire    . . .     SeeInvis .   b - +0 hand axe
rCold    . . .     Gourm    .   (no shield)
rNeg     . . .     Faith    .   d - +0 robe
rPois    .         Spirit   .   (no helmet)
rElec    .         Reflect  .   (no cloak)
rCorr    .         Harm     .   (no gloves)
MR       .....                  (no boots)
Stlth    +.........             (no amulet)
HPRegen  0.04/turn              (no ring)
MPRegen  0.09/turn              (no ring)

@: no status effects
A: high mp 1
a: no special abilities


You were on level 1 of the Dungeon.
You were not hungry.

You visited 1 branch of the dungeon, and saw 1 of its levels.

Inventory:

Hand Weapons
 b - a +0 hand axe (weapon)
Armour
 d - a +0 robe (worn)
Scrolls
 e - a scroll of amnesia
Books
 a - a book of Minor Magic

   Spells                             Type                      Level
   a - Magic Dart                     Conjuration                  1
   b - Blink                          Translocation                2
   c - Call Imp                       Summoning                    2
   d - Slow                           Hexes                        2
   e - Conjure Flame                  Conjuration/Fire             3
   f - Mephitic Cloud                 Conjuration/Poison/Air       3
 c - the Tome of Fire

   Spells                             Type                      Level
   a - Flame Tongue                   Conjuration/Fire             1
   b - Inner Flame                    Hexes/Fire                   3
Comestibles
 f - a ration


   Skills:
 - Level 1.0 Axes
 - Level 1.7 Armour
   Level 1.0 Shields
 + Level 1.8 Spellcasting
 * Level 0.4 Conjurations
 * Level 2.8 Fire Magic
   Level 1.0 Evocations


You had 2 spell levels left.
You knew the following spells:

 Your Spells              Type           Power        Failure   Level  Hunger
a - Flame Tongue          Conj/Fire      #....        11%         1    ##.....


Dungeon Overview and Level Annotations

Branches:
Dungeon (1/15)


Innate Abilities, Weirdness & Mutations

You have an increased reservoir of magic. (+10% MP)


Message History

You barely miss the leopard gecko.
The leopard gecko is moderately wounded.
The bat hits you but does no damage. The leopard gecko bites you.
The leopard gecko misses you.
Unknown command.
You hit the leopard gecko but do no damage.
The leopard gecko is moderately wounded.
You miss the bat. You hit the kobold. The bat hits you but does no damage.
The kobold hits you with a short sword. The leopard gecko bites you.
The kobold hits you with a short sword.
* * * LOW HITPOINT WARNING * * *
Unknown command.
You hit the leopard gecko.
You kill the leopard gecko!
You hit the kobold.
You kill the kobold!
You hit the kobold but do no damage. The bat hits you.
* * * LOW HITPOINT WARNING * * *
The kobold hits you but does no damage. The kobold hits you with a whip.
You die...

##.........
##..........
##..........
#..........
#...[.....#
#.........#
#......K.)#
#.....$.@.#
##....b..##
#.........#
#.........#
#.........#
#.........#
#.........#
##.......##
##.....##


You could see a bat and a kobold.

Vanquished Creatures
  A leopard gecko (D:1)
  A bat (D:1)
  A kobold (D:1)
3 creatures vanquished.

Notes
Turn   | Place    | Note
-------+----------+-------------------------------------------
     0 | D:1      | 4thArraOfDagon the Demigod Wanderer began the quest for the Orb.
     0 | D:1      | 4thArraOfDagon set off with: a book of Minor Magic, a +0 hand axe, the Tome of Fire, a +0 robe, a ration
     0 | D:1      | Reached XP level 1. HP: 14/14 MP: 5/5
     0 | D:1      | Identified the Tome of Fire
     5 | D:1      | Learned a level 1 spell: Flame Tongue
    31 | D:1      | Slain by a kobold

Vault maps used:
D:1:      tarquinn_simple_flora_water_d, dk_noncrumbling_3

Action                   || total
-------------------------++-------
Melee: Hand axe          ||     6
  Use: Scroll            ||     1
Armor: Robe              ||     5
Dodge: Dodged            ||     9

Table legend:
 A = Spawn XP
 B = Non-spawn XP
 C = Spawn XP percentage of total XP
 D = Spawn monster count
 E = Non-spawn monster count
 F = Spawn count percentage of total count
 G = Total turns spent on level
                    A         B        C        D         E        F      G
               +---------+---------+-------+---------+---------+-------+---------
         Total |       0 |       6 |   0.0 |       0 |       3 |   0.0 |    31
               +---------+---------+-------+---------+---------+-------+---------
           D:1 |       0 |       6 |   0.0 |       0 |       3 |   0.0 |    31
               +---------+---------+-------+---------+---------+-------+---------
